 Dungeon Crawl Stone Soup version 0.31-a0-180-g519b7de00c (webtiles) character file.

Game seed: 262313532890259719

34 qw the Shooter (level 3, 0/32 HPs)
             Began as a Naga Hunter on June 19, 2023.
             Slain by a kobold
             ... wielding a +0 club
              (3 damage)
             ... on level 2 of the Dungeon.
             The game lasted 00:00:19 (787 turns).

qw the Shooter (Naga Hunter)                         Turns: 787, Time: 00:00:20

Health: 0/32       AC:  2    Str: 13    XL:     3   Next: 31%
Magic:  3/3        EV:  9    Int:  9    God:
Gold:   73         SH:  0    Dex: 16    Spells: 2/2 levels left

rFire   . . .        Y - +0 shortbow
rCold   . . .        (shield currently unavailable)
rNeg    . . .        c - +0 leather armour
rPois   +            (no helmet)
rElec   .            (no cloak)
rCorr   .            (no gloves)
SInv    +            (no barding)
Will    +....        (no amulet)
Stlth   ++           h - ring of willpower
HPRegen 0.25/turn    (no ring)
MPRegen 0.08/turn

%: no passive effects
@: short of breath, very slow
A: AC +1, large, see invisible, deformed body, poison resistance, slowness 2,
spit poison 1, naga tail 1
a: Spit Poison


You were on level 2 of the Dungeon.
You visited 1 branch of the dungeon, and saw 2 of its levels.

You collected 73 gold pieces.


Innate Abilities, Weirdness & Mutations

Your serpentine skin is tough. (AC +1)
You have supernaturally acute eyesight. (SInv)
Armour fits poorly on your strangely shaped body.
Your system is resistant to poisons. (rPois)
You cover ground very slowly.
You can spit poison.
You have a snake-like lower body.


   Skills:
 - Level 2.0 Fighting
 + Level 4.6 Ranged Weapons
 - Level 1.5 Dodging
 - Level 1.5 Stealth


You had 2 spell levels left.
You didn't know any spells.
Your spell library was empty.

Inventory:

Hand Weapons
 Y - a +0 shortbow (weapon)
Armour
 c - a +0 leather armour (worn)
Jewellery
 h - a ring of willpower (left hand)
Scrolls
 a - a scroll of fear {unknown}
 b - a scroll of teleportation {unknown}
Potions
 e - a potion of cancellation {unknown}
 f - a potion of might {unknown}
 g - a potion of curing {unknown}

Dungeon Overview and Level Annotations

Branches:
Dungeon (2/15)

Altars:


Message History

The jackal bites you.
The jackal bites you but does no damage.
The jackal closely misses you. The kobold misses you. The jackal bites you.
The jackal barely misses you.
781 ||| INVOKING Spit Poison.
Aiming: Spit Poison (2% risk of failure)
Press: ? - help, Shift-Dir - straight line, f/p - jackal The splash of poison hits the jackal!
The jackal is poisoned.
You kill the jackal!
The jackal bites you. The jackal closely misses you.
The kobold barely misses you.
You shoot an arrow. The arrow closely misses the jackal.
The jackal barely misses you. x2; The kobold hits you with a +0 club.
The jackal bites you. The jackal misses you.
You shoot an arrow. The arrow barely misses the jackal.
The jackal bites you. The jackal closely misses you.
The kobold hits you but does no damage.
A rat comes into view.
The jackal bites you but does no damage.
The jackal bites you.
You shoot an arrow. The arrow hits the jackal.
The jackal is moderately wounded.
You have got your breath back.
The kobold hits you but does no damage.
The jackal bites you but does no damage.
The jackal misses you. The kobold barely misses you.
785 ||| INVOKING Spit Poison.
Aiming: Spit Poison (2% risk of failure)
Press: ? - help, Shift-Dir - straight line, f/p - jackal The splash of poison hits the jackal.
You kill the jackal!
The jackal closely misses you. The kobold hits you with a +0 club.
The jackal barely misses you.
You shoot an arrow. The arrow barely misses the rat.
The jackal bites you but does no damage.
The rat misses you. The kobold barely misses you.
You shoot an arrow. The arrow hits the rat.
You kill the rat!
The jackal barely misses you. The kobold hits you with a +0 club.
You die...

##.###.....#
##..[##.#.#.######
#................#
#.....#.#.#.###..#
#.#.#.#.%...# #..#
#.#.#.###.### #..#
##.#.#.# #.# #..#
#.Kh%#.# #.# ###..##
..%.b..#@.#.# #.# #......
..K###).%##.###.###.....#
. ##..................
#####.###...#......
............#.
####...#......
##.##.#.#># #.##.#.##.
#.##.#^# #


You could see a jackal and a kobold.

Vanquished Creatures
  2 worms
  6 ball pythons
  2 bats
  2 endoplasms (D:1)
  A goblin (D:1)
  2 hobgoblins (D:1)
  3 jackals (D:2)
  4 kobolds (D:1)
  A quokka (D:2)
  2 frilled lizards
  2 rats
27 creatures vanquished.

Notes
Turn   | Place    | Note
-------+----------+-------------------------------------------
     0 | D:1      | qw the Naga Hunter began the quest for the Orb.
     0 | D:1      | Reached XP level 1. HP: 19/19 MP: 1/1
     0 | D:1      | 0 ||| qw: Version: 0.3-a-7-ge0c9b40
     0 | D:1      | 0 ||| qw: Game counter: 908
     0 | D:1      | 0 ||| qw: Always use a shield: true
     0 | D:1      | 0 ||| qw: God list: Okawaru
     0 | D:1      | 0 ||| qw: Allow faded altars: false
     0 | D:1      | 0 ||| qw: Do Orc after D:15 true
     0 | D:1      | 0 ||| qw: Do second Lair branch before Depths: true
     0 | D:1      | 0 ||| qw: Lair rune preference: random
     0 | D:1      | 0 ||| qw: Plans: Normal
     0 | D:1      | 0 ||| PLANNING D:1-11
    57 | D:1      | 57 ||| INVOKING Spit Poison.
    75 | D:1      | 75 ||| INVOKING Spit Poison.
    81 | D:1      | Reached skill level 4 in Ranged Weapons
    81 | D:1      | Reached XP level 2. HP: 26/26 MP: 2/2
   130 | D:1      | 130 ||| INVOKING Spit Poison.
   192 | D:1      | 192 ||| INVOKING Spit Poison.
   197 | D:1      | 197 ||| INVOKING Spit Poison.
   243 | D:1      | 243 ||| INVOKING Spit Poison.
   288 | D:1      | Found a faded altar of an unknown god.
   328 | D:1      | 328 ||| INVOKING Spit Poison.
   372 | D:1      | 372 ||| INVOKING Spit Poison.
   517 | D:1      | 517 ||| UPGRADING to ring of willpower.
   518 | D:1      | 518 ||| READING scroll labelled NIOQEUZ HOSOLO.
   519 | D:1      | 519 ||| DROPPING scroll of butterflies.
   557 | D:2      | 557 ||| INVOKING Spit Poison.
   560 | D:2      | 560 ||| STAIRDANCE
   562 | D:1      | 562 ||| INVOKING Spit Poison.
   614 | D:2      | 614 ||| INVOKING Spit Poison.
   618 | D:2      | Reached XP level 3. HP: 31/32 MP: 3/3
   701 | D:2      | 701 ||| INVOKING Spit Poison.
   766 | D:2      | 766 ||| INVOKING Spit Poison.
   772 | D:2      | 772 ||| INVOKING Spit Poison.
   774 | D:2      | 774 ||| Stepping ~*~*~tactically~*~*~ (outnumbered).
   776 | D:2      | 776 ||| INVOKING Spit Poison.
   781 | D:2      | 781 ||| INVOKING Spit Poison.
   781 | D:2      | HP: 8/32 [jackal (1)]
   785 | D:2      | 785 ||| INVOKING Spit Poison.
   785 | D:2      | HP: 2/32 [kobold/+0 club (2)]
   787 | D:2      | Slain by a kobold

Levels and vault maps discovered:
D:1:      tekkud_arrival_beachfront_property, layout_rooms,
          ebering_ecumenical_altar_box, kennysheep_flooded_box
D:2:      layout_loops_ring, grunt_ministairs_15, kennysheep_generic_room_11

Skill      XL: |  1 |
---------------+----+-----
Ranged Weapons | 4 |  4.6
Fighting       | |  2.0
Dodging        | |  1.5
Stealth        | |  1.5

Action                     || total
---------------------------++-------
   Fire: Shortbow          ||    59
Ability: Spit Poison       ||    17
    Use: Scroll            ||     1
 Armour: Leather armour    ||    15
  Dodge: Dodged            ||    36

Table legend:
 A = Non-vault XP
 B = Vault XP
 C = Vault XP percentage of total XP
 D = Non-vault monster count
 E = Vault monster count
 F = Vault count percentage of total count
                 A         B        C        D         E       F
            +---------+---------+-------+---------+---------+-------
      Total |      49 |       1 |   2.0 |      26 |       1 |   3.7
            +---------+---------+-------+---------+---------+-------
        D:1 |      31 |       0 |   0.0 |      17 |       0 |   0.0
        D:2 |      18 |       1 |   5.3 |       9 |       1 |  10.0
            +---------+---------+-------+---------+---------+-------
